 Dungeon Crawl Stone Soup version 0.32-a0-975-g85d4e5bfdb (webtiles) character file.

Game seed: 10196794713934182892

728 araganzar the Poker (level 7, -1/52 HPs)
             Began as a Demonspawn Reaver on Apr 18, 2024.
             Was a Follower of Uskayaw.
             Slain by Crazy Yiuf
             ... wielding a +4 quarterstaff of chaos
              (8 damage)
             ... on level 5 of the Dungeon.
             The game lasted 00:13:35 (4902 turns).

araganzar the Poker (Demonspawn Reaver)             Turns: 4902, Time: 00:13:36

Health: -1/52      AC:  9    Str: 12    XL:     7   Next: 44%
Magic:  5/11       EV: 10    Int: 16    God:    Uskayaw [*.....]
Gold:   146        SH:  0    Dex: 17    Spells: 10/11 levels left

rFire   + . .        a - +1 battleaxe (vamp) {!w}
rCold   . . .        (shield currently unavailable)
rNeg    . . .        i - +0 ring mail
rPois   .            (helmet restricted)
rElec   .            (no cloak)
rCorr   .            h - +1 pair of gloves
SInv    .            (no boots)
Will    .....        (no amulet)
Stlth   +            p - ring of protection from fire {rF+, !d}
HPRegen 0.28/turn    e - +6 ring of dexterity
MPRegen 0.12/turn

%: no passive effects
@: mighty, weak-willed
A: horns 2, slimy green scales 1, demonic magic 1
a: Renounce Religion, Stomp


You were on level 5 of the Dungeon.
You worshipped Uskayaw.
Uskayaw was noncommittal.
You visited 2 branches of the dungeon, and saw 6 of its levels.

You collected 146 gold pieces.


Innate Abilities, Weirdness & Mutations

You have a pair of horns on your head.
You are partially covered in slimy green scales. (AC +2)
Spells you cast may paralyse adjacent enemies.


   Skills:
 - Level 3.5 Fighting
 + Level 2.3(4.1) Axes
 - Level 5.2(5.5) Polearms
 - Level 2.6 Ranged Weapons
 - Level 2.6 Dodging
 - Level 2.7 Spellcasting
 - Level 3.6 Conjurations
 + Level 1.3 Invocations


You had 10 spell levels left.
You knew the following spells:

 Your Spells              Type           Power      Damage    Failure   Level
a - Kiss of Death         Conj/Necr      32%        2d7       21%         1

Your spell library contained the following spells:

 Spells                   Type           Power      Damage    Failure   Level
 Momentum Strike          Conj/Tloc      16%        3d8       30%         2
 Hailstorm                Conj/Ice       8%         3d5       52%         3
 Scorch                   Fire           4%         2d5       54%         2
 Flame Wave               Conj/Fire      8%         2d5       90%         4
 Summon Cactus Giant      Summ           1%         N/A       100%        6

Inventory:

Hand Weapons
 a - a +1 vampiric battleaxe (weapon) {!w}
   (You took it off Blork the orc on level 5 of the Dungeon)
 b - a +0 longbow
   (You found it on level 4 of the Dungeon)
 d - a +0 spear
Missiles
 g - 3 silver javelins
 n - 2 poisoned darts
 o - 6 atropa-tipped darts (quivered)
Armour
 h - a +1 pair of gloves (worn)
   (You found it on level 1 of the Dungeon)
 i - a +0 ring mail (worn)
   (You found it on level 1 of the Dungeon)
 q - a +0 leather armour
Jewellery
 e - a +6 ring of dexterity (right hand)
   (You took it off a gnoll on level 5 of the Dungeon)
 p - a ring of protection from fire (left hand) {rF+, !d}
   (You found it on level 3 of the Dungeon)
 r - a +6 ring of strength
   (You found it on level 5 of the Dungeon)
Scrolls
 c - a scroll of immolation {!r}
 l - a scroll of fog
Potions
 f - a potion of degeneration {unknown}
 j - a potion of curing
 k - a potion of magic
 m - a potion of brilliance {unknown}

#.# ##...## #.##
########.## ###..##
#... #.........#
##..## ####
#.######### ###.###
#.# #...## # #.#
########...#### #.#
▒▒▒ ###.#....#.#.#...
#.#
▒÷..▒#..#.......#..>..
#.#
▒...g@####......####..
#.# ▒)..▒## ###....#
#.. #.# ▒▒▒ ###..# #..
### #..####..
#....##..
###########....##..
#..............##..
#####..........##..
#..............


You could see Crazy Yiuf.


Message History

You stomp with the beat, sending a shockwave through the revellers around you!
You can no longer stomp with the beat.
Crazy Yiuf hits you with a +4 quarterstaff of chaos.
Your willpower is stripped away!
You take 3 damage, and have 19/52 hp.
You now have 8/11 mp.
Unknown command.
Unknown command.
You feel better. Crazy Yiuf hits you but does no damage.
You regained 5 hp, and now have 24/52 hp.
Unknown command.
Unknown command.
You barely miss Crazy Yiuf.
Crazy Yiuf screams, "Citrus sing snockshim!"
Crazy Yiuf closely misses you.
Unknown command.
You barely miss Crazy Yiuf.
Crazy Yiuf hits you with a +4 quarterstaff of chaos.
Crazy Yiuf closely misses you.
You take 6 damage, and have 19/52 hp.
Unknown command.
You slash Crazy Yiuf! Crazy Yiuf barely misses you.
You can now stomp with the beat.
You closely miss Crazy Yiuf.
Crazy Yiuf hits you with a +4 quarterstaff of chaos!
* * * LOW HITPOINT WARNING * * *
You feel your power leaking away.
Crazy Yiuf says, "Nubble sanguine cower!"
Crazy Yiuf hits you with a +4 quarterstaff of chaos!
You die...
Your body falls in perfect tune with the rhythm.

Action                     |  1- 3 |  4- 6 |  7- 9 || total
---------------------------+-------+-------+-------++-------
  Melee: Spear             |   145 |   248 |       ||   393
         Headbutt          |    17 |    30 |     4 ||    51
         Battleaxe         |       |       |    15 ||    15
   Fire: Longbow           |       |    46 |     5 ||    51
  Throw: Javelin           |       |     6 |       ||     6
         Dart              |       |     5 |       ||     5
 Invoke: Stomp             |       |       |     1 ||     1
    Use: Scroll            |       |    11 |     1 ||    12
         Potion            |       |     5 |     1 ||     6
   Stab: Invisible         |       |     2 |       ||     2
 Armour: Leather armour    |    34 |       |       ||    34
         Ring mail         |    41 |   196 |    16 ||   253
  Dodge: Dodged            |    60 |   129 |    10 ||   199

Levels and vault maps discovered:
D:1:      pf_arrival_petrified_forest, layout_rooms
D:2:      layout_rooms, ebering_ecumenical_altar_hall, kennysheep_donut
D:3:      layout_basic, nicolae_overflow_hidden_temple
D:4:      wad_lake_hut, layout_loops_ring, uniq_natasha
D:5:      layout_basic, temple_fountains, gammafunk_ghost_smash,
          uniq_crazy_yiuf_cottage, uniq_blork_the_orc
Temple:   hellmonk_temple_divided_pantheon

Notes
Turn   | Place    | Note
-------+----------+-------------------------------------------
     0 | D:1      | araganzar the Demonspawn Reaver began the quest for the
                  | Orb.
     0 | D:1      | Reached XP level 1. HP: 16/16 MP: 3/3
   151 | D:1      | Gained mutation: You have a pair of small horns on your
                  | head. [demonic ancestry]
   151 | D:1      | Reached XP level 2. HP: 19/22 MP: 5/5
   193 | D:1      | Reached skill level 2 in Dodging
   683 | D:2      | Reached XP level 3. HP: 26/28 MP: 6/6
   702 | D:2      | Reached skill level 3 in Polearms
  1279 | D:2      | Found a faded altar of an unknown god.
  1289 | D:2      | Gained mutation: You are partially covered in slimy green
                  | scales. (AC +2) [demonic ancestry]
  1289 | D:2      | Reached XP level 4. HP: 34/34 MP: 7/7
  2101 | D:3      | Found a sacrificial altar of Ru.
  2691 | D:4      | Reached skill level 3 in Fighting
  2691 | D:4      | Reached XP level 5. HP: 41/41 MP: 9/9
  2712 | D:4      | Noticed Natasha
  2721 | D:4      | Killed Natasha
  2924 | D:4      | HP: 4/41 [orc priest/divine providence (13)]
  2925 | D:4      | HP: 1/41 [orc priest/divine providence (11)]
  2928 | D:4      | Reached skill level 4 in Polearms
  3589 | D:5      | Entered Level 5 of the Dungeon
  3644 | D:4      | Noticed Natasha
  3654 | D:4      | Killed Natasha
  3655 | D:4      | Gained mutation: You have a pair of horns on your head.
                  | [demonic ancestry]
  3655 | D:4      | Reached XP level 6. HP: 31/47 MP: 10/10
  3661 | D:4      | Noticed Natasha
  3665 | D:4      | Killed Natasha
  3751 | D:5      | Reached skill level 1 in Ranged Weapons
  4127 | D:5      | Reached skill level 2 in Ranged Weapons
  4169 | D:5      | Reached skill level 5 in Polearms
  4331 | D:5      | Noticed Blork the orc
  4368 | D:5      | Killed Blork the orc
  4369 | D:5      | Gained mutation: Spells you cast may paralyse adjacent
                  | enemies. [demonic ancestry]
  4369 | D:5      | Reached XP level 7. HP: 46/52 MP: 11/11
  4471 | D:5      | Found a staircase to the Ecumenical Temple.
  4492 | D:5      | Reached skill level 2 in Axes
  4496 | Temple   | Found a transporter.
  4496 | Temple   | Found a transporter.
  4496 | Temple   | Found a transporter.
  4496 | Temple   | Found a transporter.
  4496 | Temple   | Entered the Ecumenical Temple
  4508 | Temple   | Became a worshipper of Uskayaw the Reveller
  4562 | D:5      | Reached * piety under Uskayaw
  4583 | D:5      | Noticed dogverified's ghost (amateur TrFi)
  4584 | D:5      | Found a transporter.
  4584 | D:5      | Found a transporter.
  4595 | D:5      | Reached ** piety under Uskayaw
  4596 | D:5      | Reached skill level 1 in Invocations
  4707 | D:5      | Found a runed translucent door.
  4708 | D:5      | Noticed Crazy Yiuf
  4902 | D:5      | Slain by Crazy Yiuf

Vanquished Creatures
  2 black bears (D:5)
  Blork the orc (D:5)
  2 jellies
  An orc priest (D:4)
  Natasha (thrice) (D:4)
  An orc wizard (D:5)
  3 iguanas
  4 gnolls
  5 adders
  3 ribbon worms
  4 dart slugs
  17 orcs
  7 endoplasms
  3 giant cockroaches
  7 goblins
  4 hobgoblins
  11 jackals
  4 quokkas
  6 ball pythons
  2 bats
  A frilled lizard (D:3)
  7 kobolds
  5 rats
103 creatures vanquished.
